 Dungeon Crawl Stone Soup version 0.31-a0-507-gbafd7f5274 (webtiles) character file.

Game seed: 14550564681076231085

231 randomguy2701 the Grave Robber (level 5, -1/28 HPs)
             Began as a Deep Elf Necromancer on Aug 9, 2023.
             Slain by a lemure (9 damage)
             ... led by Pikel
             ... on level 4 of the Dungeon.
             The game lasted 00:03:56 (2539 turns).

randomguy2701 the Grave Robber (DENe)               Turns: 2539, Time: 00:03:57

Health: -1/28      AC:  3    Str:  5    XL:     5   Next: 72%
Magic:  15/15      EV: 12    Int: 24    God:
Gold:   107        SH:  0    Dex: 15    Spells: 14/15 levels left

rFire   . . .        s - +0 halberd
rCold   + . .        (shield currently unavailable)
rNeg    . . .        p - +0 leather armour of Sizul {rPois rC+ Int+2}
rPois   +            (no helmet)
rElec   .            (no cloak)
rCorr   .            (no gloves)
SInv    .            (no boots)
Will    .....        (no amulet)
Stlth   +            (no ring)
HPRegen 0.24/turn    (no ring)
MPRegen 0.14/turn

%: no passive effects
@: silenced
A: no striking features
a: no special abilities


You were on level 4 of the Dungeon.
You visited 1 branch of the dungeon, and saw 4 of its levels.

You collected 107 gold pieces.

Inventory:

Hand Weapons
 s - a +0 halberd (weapon)
Armour
 a - a +0 robe
 p - the +0 leather armour of Sizul (worn) {rPois rC+ Int+2}
   (You found it on level 4 of the Dungeon)

   Int+2:     It affects your intelligence (+2).
   rC+:       It protects you from cold.
   rPois:     It protects you from poison
Scrolls
 d - 7 scrolls of identify {unknown}
 e - a scroll of enchant armour {unknown}
 g - a scroll of silence
 j - a scroll of fear {unknown}
 k - a scroll of poison {unknown}
 n - 2 scrolls of enchant weapon {unknown}
 o - a scroll of fog {unknown}
 q - 2 scrolls of immolation {unknown}
 r - a scroll of teleportation {unknown}
Potions
 b - a potion of magic
 c - a potion of heal wounds {unknown}
 f - 2 potions of brilliance {unknown}
 h - a potion of haste {unknown}
 i - 2 potions of curing {unknown}
 l - a potion of lignification {unknown}
 m - a potion of cancellation {unknown}


   Skills:
 + Level 2.7 Dodging
 + Level 3.1 Stealth
 + Level 5.8 Spellcasting
 + Level 6.7 Necromancy


You had 14 spell levels left.
You knew the following spells:

 Your Spells              Type           Power      Damage    Failure   Level
a - Necrotise             Necr           100%       1d9       1%          1

Your spell library contained the following spells:

 Spells                   Type           Power      Damage    Failure   Level
 Vampiric Draining        Necr           39%        2d8       2%          3
 Animate Dead             Necr           39%        N/A       9%          4
 Agony                    Necr           39%        N/A       24%         5
 Inner Flame              Hex/Fire       7%         N/A       38%         3
 Yara's Violent Unravell  Hex/Tmut       3%         3d4       98%         5
 Enfeeble                 Hex            3%         N/A       100%        7


Dungeon Overview and Level Annotations

Branches:
Dungeon (5/15)
 Temple: D:4-7

Altars:


Message History

You open the door.
An orc and an ogre come into view.
The orc shouts!
An ogre comes into view. It is wielding a +0 giant spiked club.
Found a trident.
There are monsters nearby!
You close the door.
An orc opens the door.
Things that are here:
a +0 dagger; a +0 robe
Things that are here:
a +0 short sword; a +0 flail; a +0 leather armour
There is a stone staircase leading up here.
You climb upwards.
There is a stone staircase leading down here.
The lemure shouts!
A lemure is nearby!
You can't see any susceptible monsters within range! (Use Z to cast anyway.)
You can't see any susceptible monsters within range! (Use Z to cast anyway.)
You barely miss the lemure. The lemure closely misses you.
You closely miss the lemure. The lemure barely misses you.
You closely miss the lemure. The lemure hits you.
You closely miss the lemure. The lemure hits you.
There is a stone staircase leading down here.
The lemure attacks as you move away! The lemure hits you.
The lemure attacks as you move away! The lemure hits you.
The lemure attacks as you move away! The lemure hits you.
* * * LOW HITPOINT WARNING * * *
As you read the scroll labelled BALEBB UCUADEQ, it crumbles to dust.
A profound silence engulfs you.
It was a scroll of silence.
The lemure closely misses you. The lemure attacks as you move away!
The lemure hits you.
* * * LOW HITPOINT WARNING * * *
A lemure comes into view.
The lemure moves out of view.
You see here a +0 halberd.
s - a +0 halberd The lemure barely misses you.
s - a +0 halberd (weapon)
The lemure hits you!
You die...

#.####.###.#.#
#.#.# #.##....#
#.#.# #.##..###
#.#.# ##.##..#
#.#.# #.>##..#
..#.#
#.###.##...#
....#
#..........##
###..
#####.##5...## #
#.##@.#..# .#
#.##)###.####..#
#.##..#..#.....#
#.###...##.##.##
#.# ##........<.
#.# ###.#..#.#
#.....# #
#.#...#
#...#...#


You could see a lemure.

Vanquished Creatures
  A hound (D:4)
  A sleepcap (D:5)
  An orc wizard (D:5)
  5 gnolls
  4 adders
  2 dart slugs
  4 orcs
  5 ball pythons
  2 bats
  2 endoplasms
  2 giant cockroaches
  4 goblins
  5 hobgoblins (D:1)
  3 jackals (D:4)
  4 kobolds
  A quokka (D:4)
  4 frilled lizards
  6 rats
56 creatures vanquished.

Vanquished Creatures (collateral kills)
  A gnoll (D:2)
1 creature vanquished.

Grand Total: 57 creatures vanquished

Notes
Turn   | Place    | Note
-------+----------+-------------------------------------------
     0 | D:1      | randomguy2701 the Deep Elf Necromancer began the quest for
                  | the Orb.
     0 | D:1      | Reached XP level 1. HP: 10/10 MP: 6/6
    88 | D:1      | Reached skill level 5 in Necromancy
   208 | D:1      | Reached XP level 2. HP: 15/15 MP: 5/8
   779 | D:2      | Reached XP level 3. HP: 19/19 MP: 7/10
   863 | D:2      | Identified the +3 ring mail of the Vestibule of Hell {-Tele
                  | rF+ Dex+3}
  1363 | D:2      | Reached XP level 4. HP: 24/24 MP: 9/12
  1558 | D:2      | You fall into a shaft and drop 2 floors!
  1639 | D:4      | Reached skill level 6 in Necromancy
  1661 | D:4      | Identified the +0 leather armour of Sizul {rPois rC+ Int+2}
  1918 | D:4      | Reached skill level 5 in Spellcasting
  1961 | D:4      | Reached XP level 5. HP: 28/28 MP: 8/14
  2191 | D:4      | Noticed a lemure
  2244 | D:5      | Entered Level 5 of the Dungeon
  2479 | D:5      | Noticed an ogre
  2479 | D:5      | Noticed an ogre
  2537 | D:4      | Noticed a lemure
  2539 | D:4      | Slain by a lemure

Illustrated notes

Levels and vault maps discovered:
D:1:      psy_arrival_statuary, layout_rooms, minmay_tripent
D:2:      layout_loops_ring
D:4:      minmay_angry_zag, layout_loops_ring, uniq_pikel, uniq_ijyb,
          uniq_crazy_yiuf_cottage
D:5:      layout_loops_ring, nicolae_wu_jian_immortal_techniques,
          grunt_temple_overflow_octagram, kennysheep_decorative_pillar

Skill      XL: |  1  2  3  4 |
---------------+-------------+-----
Necromancy     | 5 6 |  6.7
Spellcasting   | 4 5 |  5.8
Stealth        | 3 |  3.1
Dodging        | |  2.7

Action                     |  1- 3 |  4- 6 || total
---------------------------+-------+-------++-------
  Melee: Unarmed           |     1 |     4 ||     5
   Cast: Necrotise         |    60 |    57 ||   117
    Use: Scroll            |       |     1 ||     1
 Armour: Robe              |     1 |       ||     1
         Leather armour    |       |     3 ||     3
  Dodge: Dodged            |     7 |    22 ||    29

Table legend: (Time is in decaauts)
 A = Elapsed time spent in this place.
 B = Non-inter-level travel time spent in this place.
 C = Inter-level travel time spent in this place.
 D = Time resting spent in this place.
 E = Time spent auto-exploring this place.
 F = Levels seen in this place.
 G = Mean time per level.
                   A        B        C        D        E       F      G
               +--------+--------+--------+--------+--------+-----+--------+
         Total |   2538 |   2522 |     16 |      0 |   2112 |   4 |  634.5 |
       Dungeon |   2538 |   2522 |     16 |      0 |   2112 |   4 |  634.5 |
               +--------+--------+--------+--------+--------+-----+--------+

Top non-repeatable levels by time:
     D:2: 818 daAuts
     D:1: 739 daAuts
     D:4: 711 daAuts
     D:5: 269 daAuts
